 Dungeon Crawl Stone Soup version 0.18-a0-1788-g92de1ac (webtiles) character file.

9088 st0uf the Blocker (level 11, -1/85 HPs)
             Began as a Formicid Fighter on Apr 20, 2016.
             Was a Priest of Qazlal.
             Slain by a red ugly thing (22 damage)
             ... on level 11 of the Dungeon.
             The game lasted 01:04:41 (13128 turns).

st0uf the Blocker (Formicid Fighter)               Turns: 13128, Time: 01:04:44

Health: -1/85      AC: 12    Str: 21    XL:     11   Next: 67%
Magic:  11/11      EV: 13    Int:  8    God:    Qazlal [***...]
Gold:   515        SH: 16    Dex: 13    Spells: 0 memorised, 10 levels left

rFire  x . .     SeeInvis +     K - +3 scythe (slice)
rCold  + . .     Gourm    .     b - +0 scale mail
rNeg   . . .     Faith    .     c - +0 shield
rPois  +         Spirit   .     (helmet unavailable)
rElec  .         Dismiss  .     C - +1 cloak {rPois}
rCorr  .         Reflect  .     O - +1 pair of gloves
SustAt +         Harm     .     (no boots)
MR     +....                    (no amulet)
Stlth  ..........               h - ring of ice
                                s - ring of sustain attributes

@: somewhat resistant to hostile enchantments, extremely unstealthy
A: permanent stasis, dig shafts and tunnels, four strong arms, antennae 3
a: Dig, Shaft Self, Upheaval, Elemental Force, Renounce Religion


You were on level 11 of the Dungeon.
You worshipped Qazlal.
Qazlal was most pleased with you.
You were not hungry.

You visited 3 branches of the dungeon, and saw 13 of its levels.

You collected 515 gold pieces.

Inventory:

Hand Weapons
 a - a +0 trident
 l - a +0 hunting sling
 K - a +3 scythe of slicing (weapon)
 P - a +2 spear of flaming
Missiles
 k - 61 sling bullets
 n - 495 stones (quivered)
 B - 2 throwing nets
Armour
 b - a +0 scale mail (worn)
 c - a +0 shield (worn)
 i - a +0 large shield
 C - a +1 cloak of poison resistance (worn)
 O - a +1 pair of gloves (worn)
Jewellery
 h - a ring of ice (right hand)
 s - a ring of sustain attributes (left hand)
 w - an uncursed ring of wizardry
 V - a +3 amulet of reflection {unknown}
Wands
 x - a wand of flame (29/48)
 y - a wand of paralysis (10/24)
 A - a wand of iceblast (8/15)
 D - a wand of acid (9/15)
 J - a wand of flame (16/48)
 N - a wand of lightning (6/15)
 S - a wand of slowing (17/48)
 X - a wand of enslavement (14/24)
 Z - a wand of iceblast (6/15)
Scrolls
 e - 5 scrolls of fog
 j - 3 scrolls of enchant armour {unknown}
 p - 3 scrolls of random uselessness {unknown}
 r - 9 scrolls of remove curse
 u - 4 scrolls of blinking {unknown}
 E - a scroll of brand weapon {unknown}
 G - a scroll of identify
 L - 2 scrolls of recharging {unknown}
Potions
 d - 2 potions of might
 g - 3 potions of agility {unknown}
 m - a potion of haste {unknown}
 q - 6 potions of curing
 v - a potion of brilliance {unknown}
 z - 4 potions of heal wounds
 I - a potion of cure mutation
 M - 2 potions of magic
 R - a potion of flight
 U - a potion of ambrosia
Books
 T - a book of Geomancy

   Spells                             Type                      Level
   a - Sandblast                      Earth                        1
   b - Passwall                       Transmutation/Earth          2
   c - Stone Arrow                    Conjuration/Earth            3
   d - Petrify                        Transmutation/Earth          4
   e - Lee's Rapid Deconstruction     Earth                        5
 W - a book of Burglary

   Spells                             Type                      Level
   a - Swiftness                      Charms/Air                   2
   b - Passwall                       Transmutation/Earth          2
   c - Passage of Golubria            Translocation                4
   d - Lee's Rapid Deconstruction     Earth                        5
   e - Darkness                       Hexes                        6
   f - Invisibility                   Hexes                        6
Comestibles
 f - 3 bread rations
 o - 7 meat rations
 t - 3 beef jerkies
 F - 4 slices of pizza
 H - 2 fruits


   Skills:
 + Level 7.7 Fighting
 + Level 7.5 Polearms
 * Level 7.7(8.0) Slings
 + Level 2.5(5.1) Throwing
 + Level 8.1 Armour
 + Level 6.5 Dodging
 + Level 1.8 Stealth
 + Level 9.7 Shields


You had 10 spell levels left.
You didn't know any spells.

Dungeon Overview and Level Annotations

Branches:
Dungeon (11/15)            Temple (1/1) D:5            Lair (1/8) D:10
    Orc: D:9-12

Altars:
Ashenzari
Dithmenos
Elyvilon
Fedhas
Kikubaaqudgha
Makhleb
Okawaru
Pakellas
Qazlal
Ru
Sif Muna
Trog
Vehumet

Shops:
D:5 [:=

Annotations:
D:10 1 exclusion


Innate Abilities, Weirdness & Mutations

You are under a permanent stasis effect.
You can dig through walls and to a lower floor.
Your four strong arms can wield two-handed weapons with a shield.
You have a pair of large antennae on your head (SInv).


Message History

The white ugly thing closely misses you.
The white ugly thing basks in the mutagenic energy from its kin and changes!
You slash the white ugly thing!
The white ugly thing is heavily wounded.
You block the white ugly thing's attack.
The white ugly thing kicks you. The white ugly thing freezes you! You resist.
You hit the white ugly thing.
The white ugly thing is severely wounded.
The red ugly thing basks in the mutagenic energy from its kin and changes!
The white ugly thing kicks you. The white ugly thing freezes you! You resist.
The white ugly thing basks in the mutagenic energy from its kin and changes!
You closely miss the red ugly thing.
The red ugly thing is severely wounded.
You hit the red ugly thing.
The red ugly thing is severely wounded.
You are no longer corroded.
You block the red ugly thing's attack. The red ugly thing tail-slaps you!
* * * LOW HITPOINT WARNING * * *
You are engulfed in flames!!
The fire burns you terribly!
You die...

{#........ {#........
#........ #........
#######........
#...............
#{y........[....
#.#######yy...(.........
#......@uuyy............
##....#####............
#... #...###'##.......
#.. #........+...#### #.
#........#...# #
#........#...#
#.......y##.<#
#.........รท..#
####......#..#


You could see 2 ugly things and 5 killer bees.

Vanquished Creatures
  An unseen horror (D:11)
  Pikel (D:7)
  A hill giant (D:10)
  A deep elf mage (D:10)
  3 orc warriors
  A two-headed ogre (D:10)
  Sigmund (D:5)
  8 yaks (D:10)
  Eustachio (D:5)
  A steam dragon (D:7)
  A hippogriff (D:10)
  A hungry ghost (D:10)
  Menkaure (D:4)
  Edmund (D:5)
  2 water moccasins
  Duvessa (D:7)
  4 phantoms
  A sky beast (D:10)
  The ghost of Yehuk the Skirmisher, an amateur DsFi (D:3)
  4 centaurs
  4 ice beasts
  An eye of draining (D:10)
  3 ogres
  3 crocodiles (D:10)
  Blork the orc (D:5)
  2 giant frogs
  2 gnoll sergeants
  A wyvern zombie (D:10)
  Dowan (D:7)
  A scorpion (D:4)
  2 howler monkeys (D:5)
  4 electric eels (D:10)
  6 crimson imps
  2 centaur zombies (D:10)
  6 jellies
  5 hounds
  Crazy Yiuf (D:3)
  3 giant frog zombies
  3 orc priests
  A centaur skeleton (D:6)
  2 giant frog skeletons
  Ijyb (D:2)
  2 iguanas (D:10)
  Natasha (D:2)
  6 orc wizards
  8 worker ants
  A hound zombie (D:9)
  Robin (D:2)
  A howler monkey zombie (D:7)
  10 gnolls
  2 howler monkey skeletons
  14 adders
  2 shadow imps
  2 adder skeletons
  4 adder zombies
  7 worms
  3 dart slugs
  7 giant geckos
  41 orcs
  A ball python (D:4)
  9 giant cockroaches
  10 hobgoblins
  14 jackals
  11 kobolds
  A quokka (D:5)
  4 bats (D:1)
  5 giant newts
  13 goblins
  A quokka skeleton (D:5)
  9 rats
281 creatures vanquished.

Vanquished Creatures (others)
  2 slaves (D:7)
  A centaur (D:7)
  A centaur skeleton (D:7)
  A worker ant (D:7)
  A shadow imp (D:7)
  An orc (D:7)
  A giant cockroach (D:7)
8 creatures vanquished.

Grand Total: 289 creatures vanquished

Notes
Turn   | Place    | Note
--------------------------------------------------------------
     0 | D:1      | st0uf the Formicid Fighter began the quest for the Orb.
     0 | D:1      | Reached XP level 1. HP: 18/18 MP: 1/1
    83 | D:1      | Reached XP level 2. HP: 21/24 MP: 2/2
   324 | D:1      | Reached XP level 3. HP: 18/30 MP: 3/3
   863 | D:2      | Found a bloodstained altar of Trog.
   920 | D:2      | Reached skill level 4 in Shields
  1027 | D:2      | Reached XP level 4. HP: 37/37 MP: 4/4
  1059 | D:2      | Noticed Robin
  1082 | D:2      | Killed Robin
  1092 | D:2      | Noticed Natasha
  1101 | D:2      | Killed Natasha
  1101 | D:2      | Reached skill level 1 in Dodging
  1106 | D:2      | Reached skill level 1 in Slings
  1125 | D:2      | Reached XP level 5. HP: 32/42 MP: 5/5
  1217 | D:2      | Noticed Ijyb
  1234 | D:2      | Killed Ijyb
  1966 | D:3      | Reached skill level 1 in Stealth
  1966 | D:3      | Reached XP level 6. HP: 48/48 MP: 6/6
  2022 | D:3      | Noticed Yehuk's ghost (amateur DsFi)
  2086 | D:3      | Killed Yehuk's ghost
  2788 | D:3      | Found a blossoming altar of Fedhas.
  2788 | D:3      | Found a sacrificial altar of Ru.
  3096 | D:3      | Noticed Crazy Yiuf
  3105 | D:3      | Killed Crazy Yiuf
  3401 | D:4      | Noticed Menkaure
  3420 | D:4      | Killed Menkaure
  3420 | D:4      | Reached XP level 7. HP: 8/55 MP: 7/7
  3680 | D:4      | Reached skill level 5 in Shields
  3837 | D:4      | Reached skill level 5 in Armour
  4142 | D:4      | Reached XP level 8. HP: 57/61 MP: 8/8
  4458 | D:5      | Entered Level 5 of the Dungeon
  4642 | D:5      | Found Guskel's Book Boutique.
  4685 | D:5      | Reached skill level 5 in Fighting
  4731 | D:5      | Noticed Edmund
  4869 | D:5      | Killed Edmund
  5056 | D:5      | Found Jeivathro's Jewellery Shop.
  5087 | D:5      | Noticed Blork the orc
  5105 | D:5      | Killed Blork the orc
  5105 | D:5      | Reached skill level 6 in Shields
  5615 | D:5      | Noticed Sigmund
  5626 | D:5      | Killed Sigmund
  5626 | D:5      | Reached skill level 1 in Throwing
  5626 | D:5      | Reached XP level 9. HP: 40/68 MP: 9/9
  5642 | D:5      | Reached skill level 5 in Polearms
  5708 | D:5      | Found Vutyscha's Armour Shoppe.
  5939 | D:5      | Found a staircase to the Ecumenical Temple.
  5959 | Temple   | Entered the Ecumenical Temple
  5969 | Temple   | Became a worshipper of Qazlal Stormbringer
  6327 | D:5      | Noticed Eustachio
  6370 | D:5      | Killed Eustachio
  6603 | D:6      | Reached skill level 5 in Slings
  6808 | D:6      | Reached * piety under Qazlal
  6891 | D:6      | Found a radiant altar of Vehumet.
  6893 | D:6      | Found a shattered altar of Ashenzari.
  7290 | D:7      | Noticed Pikel
  7322 | D:7      | Killed Pikel
  7322 | D:7      | Reached skill level 7 in Shields
  7322 | D:7      | Reached XP level 10. HP: 46/76 MP: 10/10
  7431 | D:7      | Reached skill level 5 in Dodging
  8156 | D:7      | Noticed Dowan
  8157 | D:7      | Noticed Duvessa
  8174 | D:7      | Killed Duvessa
  8190 | D:7      | Killed Dowan
  8235 | D:7      | Reached skill level 8 in Shields
  9403 | D:9      | Reached ** piety under Qazlal
  9502 | D:9      | Found a burning altar of Makhleb.
  9508 | D:9      | Found a shadowy altar of Dithmenos.
  9510 | D:9      | Found a white marble altar of Elyvilon.
  9971 | D:10     | Entered Level 10 of the Dungeon
 10268 | D:10     | Found a staircase to the Lair.
 10304 | D:10     | Noticed a deep elf mage
 10306 | D:10     | Noticed a soul eater
 10312 | D:10     | Killed a deep elf mage
 10611 | D:10     | Reached XP level 11. HP: 79/83 MP: 11/11
 10858 | D:10     | Noticed a hill giant
 10870 | D:10     | Killed a hill giant
 10870 | D:10     | Reached skill level 9 in Shields
 11289 | D:10     | Reached *** piety under Qazlal
 12815 | Lair:1   | Entered Level 1 of the Lair of Beasts
 12818 | Lair:1   | Noticed a six-headed hydra
 12865 | D:11     | Noticed an unseen horror
 12985 | D:11     | Killed an unseen horror
 13101 | D:11     | Noticed a white ugly thing
 13103 | D:11     | Noticed a green ugly thing
 13128 | D:11     | Slain by a red ugly thing

Vault maps used:
D:1:      scummos_arrival_simple_fountains
D:2:      nicolae_overflow_hidden_temple, first_bread, uniq_natasha, uniq_robin,
          uniq_iyjb
D:3:      amethyst_overflow_temple_binary, hangedman_abyss_or_decor_lesser_grid,
          uniq_crazy_yiuf_cottage
D:4:      uniq_menkaure
D:5:      minmay_temple_entry_mist, serial_shops, shop, kennysheep_little_box,
          shop, minmay_hedge_maze, guppyfry_early_orc_mine, uniq_sigmund,
          uniq_eustachio, uniq_blork_the_orc, uniq_edmund
D:6:      overflow_temple_1_default, ashenzari_conservatory_becter,
          hangedman_decor_diamond_cutter
D:7:      uniq_duvessa, uniq_pikel
D:9:      minitemple
D:10:     dpeg_lair_monsters
Temple:   eino_temple_water_12

Skill      XL: |  1  2  3  4  5  6  7  8  9 10 11 |
---------------+----------------------------------+-----
Shields        | 4 5 6 7 8 9 |  9.7
Fighting       | 4 5 6 7 |  7.7
Armour         | 4 5 6 7 8 |  8.1
Dodging        | 1 2 3 4 5 6 |  6.5
Slings         | 1 2 3 4 5 6 7 |  7.7
Polearms       | 3 4 5 6 7 |  7.5
Stealth        | 1 |  1.8
Throwing       | 1 2 |  2.5

Action                   |  1- 3 |  4- 6 |  7- 9 | 10-12 || total
-------------------------+-------+-------+-------+-------++-------
Melee: Trident           |   101 |   251 |   505 |       ||   857
       Spear             |       |       |    61 |   139 ||   200
       Scythe            |       |       |       |   352 ||   352
 Fire: Blowgun           |       |       |     9 |       ||     9
Throw: Stone             |       |       |    10 |    63 ||    73
 Abil: Dig               |     2 |     1 |     6 |     6 ||    15
  Use: Scroll            |       |     1 |       |    13 ||    14
       Potion            |       |       |     2 |       ||     2
  Eat: Chunk             |       |     9 |    11 |    24 ||    44
       Fruit             |       |       |     1 |     1 ||     2
Armor: Scale mail        |    39 |    66 |   166 |   109 ||   380
Dodge: Dodged            |    29 |    66 |   161 |   175 ||   431
Block: Shield            |    43 |   122 |   238 |   337 ||   740
